[ AOE2 MATCH · #477178997 ]
UnrankedGurjaras vs Lithuanians
[ REPLAY ANALYSIS · EXTRACTED FROM THE RECORDED GAME ]
Feudal
—
Castle
—
Imperial
—
| APM avg | 6.2 |
| APM peak | 8 |
| eAPM avg | 3.9 |
| Villagers / military | 0 / 0 |
Feudal
—
Castle
—
Imperial
—
| APM avg | 17.1 |
| APM peak | 22 |
| eAPM avg | 7.0 |
| Villagers / military | 0 / 0 |
Focus
⚔️ 50.0% · 🌾 50.0%
Feudal
—
Castle
—
Imperial
—
| APM avg | 10.9 |
| APM peak | 14 |
| eAPM avg | 4.7 |
| Villagers / military | 0 / 0 |
Focus
⚔️ 0.0% · 🌾 100.0%
Feudal
—
Castle
—
Imperial
—
| APM avg | 22.6 |
| APM peak | 29 |
| eAPM avg | 7.0 |
| Villagers / military | 0 / 0 |
Focus
⚔️ 33.3% · 🌾 66.7%
Feudal
—
Castle
—
Imperial
—
| APM avg | 17.1 |
| APM peak | 22 |
| eAPM avg | 7.0 |
| Villagers / military | 0 / 0 |
Focus
⚔️ 25.0% · 🌾 75.0%
Feudal
—
Castle
—
Imperial
—
| APM avg | 27.3 |
| APM peak | 30 |
| eAPM avg | 7.8 |
| Villagers / military | 0 / 0 |
Focus
⚔️ 75.0% · 🌾 25.0%
Feudal
—
Castle
—
Imperial
—
| APM avg | 21.8 |
| APM peak | 27 |
| eAPM avg | 7.0 |
| Villagers / military | 0 / 0 |
Focus
⚔️ 33.3% · 🌾 66.7%
Feudal
—
Castle
—
Imperial
—
| APM avg | 52.2 |
| APM peak | 62 |
| eAPM avg | 21.8 |
| Villagers / military | 0 / 0 |
Focus
⚔️ 16.7% · 🌾 83.3%
Match map
Initial resources + every placement click. Lines = walls · curves = elevation contours. ◆ gold · ⬟ stone · ● berries · ✦ relic · ◌ wall gap
Your base
TuxedoMask's base
__48_Willow_Arg's base
Tache's base
__35_Kingpin_Arg's base
__24_Thorfin_Arg's base
El Venenudo's base
Clemente's base
Smoothed initial terrain · ◌ = detected wall gap · hover for details
Inputs per minute
— Fs.Emmanuel - - TuxedoMask
Build order — Fs.Emmanuel
0 actions detected in the replay
Build order — TuxedoMask
2 actions detected in the replay
| 0:13 | Build | Town Center |
| 0:22 | Build | Dock |
Build order — __48_Willow_Arg
1 actions detected in the replay
| 0:13 | Build | Town Center |
Build order — Tache
3 actions detected in the replay
| 0:18 | Build | Town Center |
| 0:34 | Build | House |
| 0:38 | Build | Dock |
Build order — __35_Kingpin_Arg
3 actions detected in the replay
| 0:09 | Build | Town Center |
| 0:29 | Build | House |
| 0:37 | Build | Dock |
Build order — __24_Thorfin_Arg
4 actions detected in the replay
| 0:24 | Build | Town Center |
| 0:55 | Build | Palisade Wall |
| 0:58 | Build | Palisade Wall |
| 1:13 | Build | Dock |
Build order — El Venenudo
3 actions detected in the replay
| 0:20 | Build | Town Center |
| 0:37 | Build | Dock |
| 0:40 | Build | House |
Build order — Clemente
3 actions detected in the replay
| 0:15 | Build | Town Center |
| 0:27 | Build | Dock |
| 0:28 | Build | House |
Match timeline
| 0:22 | TuxedoMask · first_building Dock |
| 0:27 | Clemente · first_building Dock |
| 0:37 | __35_Kingpin_Arg · first_building Dock |
| 0:37 | El Venenudo · first_building Dock |
| 0:38 | Tache · first_building Dock |
| 0:47 | TuxedoMask · resign |
| 0:55 | __24_Thorfin_Arg · wall_segment Palisade Wall x1 |
| 0:58 | __24_Thorfin_Arg · wall_segment Palisade Wall x1 |
| 1:13 | __24_Thorfin_Arg · first_building Dock |
[ AI ANALYSIS · 1 CREDIT ]
What really happened in this match?
Wolo.gg analyzes every decision: build order, eco, micro, common mistakes by bracket. Personalized analysis on WhatsApp or Discord in 30 seconds.
Civ guide
Gurjaras
Perfil
Jugador #4466223